PL
NORTHERN VIRGINIA RETRIEVERS @ PANAMA CITY PIRANHAS
10/02/2025
 
TOP OF THE 1ST
Northern Virginia Retrievers batting - Pitching for Panama City Piranhas : LHP Pedro Alejándrez
Pitching: LHP Pedro Alejándrez
Batting: LHB Francisco Ornelas 0-0: Ground out 1-3 (Groundball, P)
Batting: RHB Brett Callison 0-0: Called Strike
0-1: Ball
1-1: Foul Ball, location: 2F
1-2: Strikes out looking
Batting: RHB Shohei Kiyomizu 0-0: Called Strike
0-1: Swinging Strike
0-2: Ball
1-2: Ball
2-2: Ball
3-2: Foul Ball, location: 2F
3-2: Base on Balls
Batting: RHB Ju-chan Pak 0-0: Called Strike
0-1: Foul Ball, location: 2F
0-2: Foul Ball, location: 2F
0-2: Ball
1-2: Strikes out swinging
Top of the 1st over - 0 run(s), 0 hit(s), 0 error(s), 1 left on base; Northern Virginia 0 - Panama City 0
BOTTOM OF THE 1ST
Panama City Piranhas batting - Pitching for Northern Virginia Retrievers : RHP Aurelio López
Pitching: RHP Aurelio López
Batting: RHB Armando Alvarado 0-0: Called Strike
0-1: Swinging Strike
0-2: Foul Ball, location: 2F
0-2: Strikes out looking
Batting: RHB Tim Barnes 0-0: Swinging Strike
0-1: Ball
1-1: Foul Ball, location: 2F
1-2: Ball
2-2: SINGLE (Groundball, 6MD)
Batting: LHB Herman Hayes 0-0: Fly out, F8 (Flyball, 78M)
Batting: LHB Sergio Muñóz 0-0: Called Strike
0-1: Fly out, F4 (Line Drive, 4)
Bottom of the 1st over - 0 run(s), 1 hit(s), 0 error(s), 1 left on base; Northern Virginia 0 - Panama City 0
TOP OF THE 2ND
Northern Virginia Retrievers batting - Pitching for Panama City Piranhas : LHP Pedro Alejándrez
Batting: LHB Roberto Sánchez 0-0: Fly out, F8 (Flyball, 8LXD)
Batting: RHB Mike Lyon 0-0: Foul Ball, location: 2F
0-1: Foul Ball, location: 2F
0-2: Ball
1-2: Ball
2-2: Ball
3-2: Fly out, F7 (Flyball, 78M)
Batting: RHB Gil Moore 0-0: Ball
1-0: Called Strike
1-1: Foul Ball, location: 2F
1-2: Foul Ball, location: 2F
1-2: Ball
2-2: Strikes out looking
Top of the 2nd over - 0 run(s), 0 hit(s), 0 error(s), 0 left on base; Northern Virginia 0 - Panama City 0
BOTTOM OF THE 2ND
Panama City Piranhas batting - Pitching for Northern Virginia Retrievers : RHP Aurelio López
Batting: LHB Francisco Sánchez 0-0: Ball
1-0: Ball
2-0: Ground out 4-3 (Groundball, 4)
Batting: RHB Baldomero Avino 0-0: Ball
1-0: Ball
2-0: Ball
3-0: Base on Balls
Batting: RHB Brad Perry 0-0: Ball
1-0: Ball
2-0: Ball
3-0: Foul Ball, location: 2F
3-1: Foul Ball, location: 2F
3-2: Fly out, F9 (Flyball, 9)
Batting: LHB Robert Adams 0-0: Ground out U3 (Groundball, 3)
Bottom of the 2nd over - 0 run(s), 0 hit(s), 0 error(s), 1 left on base; Northern Virginia 0 - Panama City 0
TOP OF THE 3RD
Northern Virginia Retrievers batting - Pitching for Panama City Piranhas : LHP Pedro Alejándrez
Batting: RHB Bob Heller 0-0: Called Strike
0-1: Ball
1-1: Ball
2-1: SINGLE (Flyball, 89S)
Batting: RHB Joaquín Parra 0-0: Foul Ball, location: 2F
0-1: Ball
1-1: Fly out, F8 (Flyball, 8LD)
Batting: LHB Francisco Ornelas 0-0: Ball
1-0: Foul Ball, location: 2F
1-1: Swinging Strike
1-2: Strikes out swinging
Batting: RHB Brett Callison 0-0: Called Strike
0-1: DOUBLE (Line Drive, 7LS)
Bob Heller to third
Batting: RHB Shohei Kiyomizu 0-0: Ball
1-0: Called Strike
1-1: Called Strike
1-2: Ground out 6-3 (Groundball, 6)
Top of the 3rd over - 0 run(s), 2 hit(s), 0 error(s), 2 left on base; Northern Virginia 0 - Panama City 0
BOTTOM OF THE 3RD
Panama City Piranhas batting - Pitching for Northern Virginia Retrievers : RHP Aurelio López
Batting: LHB Steve Cunningham 0-0: Called Strike
0-1: Ball
1-1: Ball
2-1: Called Strike
2-2: Strikes out swinging
Batting: RHB Armando Alvarado 0-0: Ball
1-0: Ground out 6-3 (Groundball, 6)
Batting: RHB Tim Barnes 0-0: Called Strike
0-1: Ball
1-1: Foul Ball, location: 2F
1-2: Ball
2-2: Ball
3-2: Fly out, F8 (Flyball, 78D)
Bottom of the 3rd over - 0 run(s), 0 hit(s), 0 error(s), 0 left on base; Northern Virginia 0 - Panama City 0
TOP OF THE 4TH
Northern Virginia Retrievers batting - Pitching for Panama City Piranhas : LHP Pedro Alejándrez
Batting: RHB Ju-chan Pak 0-0: Ball
1-0: Called Strike
1-1: Ball
2-1: Foul Ball, location: 2F
2-2: Ball
3-2: Foul Ball, location: 2F
3-2: Foul Ball, location: 2F
3-2: Strikes out swinging
Batting: LHB Roberto Sánchez 0-0: Ball
1-0: Called Strike
1-1: Called Strike
1-2: Ball
2-2: Strikes out swinging
Batting: RHB Mike Lyon 0-0: Called Strike
0-1: Foul Ball, location: 2F
0-2: Ball
1-2: Foul Ball, location: 2F
1-2: Strikes out swinging
Top of the 4th over - 0 run(s), 0 hit(s), 0 error(s), 0 left on base; Northern Virginia 0 - Panama City 0
BOTTOM OF THE 4TH
Panama City Piranhas batting - Pitching for Northern Virginia Retrievers : RHP Aurelio López
Batting: LHB Herman Hayes 0-0: Called Strike
0-1: Swinging Strike
0-2: Strikes out swinging
Batting: LHB Sergio Muñóz 0-0: Swinging Strike
0-1: Ball
1-1: Ground out 4-3 (Groundball, 4D)
Batting: LHB Francisco Sánchez 0-0: Called Strike
0-1: Ball
1-1: Fly out, F8 (Flyball, 8LD)
Bottom of the 4th over - 0 run(s), 0 hit(s), 0 error(s), 0 left on base; Northern Virginia 0 - Panama City 0
TOP OF THE 5TH
Northern Virginia Retrievers batting - Pitching for Panama City Piranhas : LHP Pedro Alejándrez
Batting: RHB Gil Moore 0-0: Called Strike
0-1: Called Strike
0-2: Ground out 1-3 (Groundball, P)
Batting: RHB Bob Heller 0-0: Ground out 1-3 (Groundball, P)
Batting: RHB Joaquín Parra 0-0: SINGLE (Line Drive, 56D)
Batting: LHB Francisco Ornelas 0-0: Called Strike
0-1: Fly out, F8 (Flyball, 8RD)
Top of the 5th over - 0 run(s), 1 hit(s), 0 error(s), 1 left on base; Northern Virginia 0 - Panama City 0
BOTTOM OF THE 5TH
Panama City Piranhas batting - Pitching for Northern Virginia Retrievers : RHP Aurelio López
Batting: RHB Baldomero Avino 0-0: SINGLE (Line Drive, 6D)
Batting: RHB Brad Perry 0-0: Foul Ball, location: 2F
0-1: Swinging Strike
0-2: Foul Ball, location: 2F
0-2: Foul Ball, location: 2F
0-2: Fly out, F9 (Flyball, 89S)
Batting: LHB Robert Adams 0-0: Foul Ball, location: 2F
0-1: Swinging Strike
0-2: Strikes out looking
Batting: LHB Steve Cunningham 0-0: Ground out 3-1 (Groundball, 34)
Bottom of the 5th over - 0 run(s), 1 hit(s), 0 error(s), 1 left on base; Northern Virginia 0 - Panama City 0
TOP OF THE 6TH
Northern Virginia Retrievers batting - Pitching for Panama City Piranhas : LHP Pedro Alejándrez
Batting: RHB Brett Callison 0-0: Ball
1-0: Ball
2-0: Ground out 5-3 (Groundball, 5)
Batting: RHB Shohei Kiyomizu 0-0: Ball
1-0: SINGLE (Groundball, 4MD)
Batting: RHB Ju-chan Pak 0-0: Fly out, F8 (Flyball, 8LD)
Batting: LHB Roberto Sánchez 0-0: Called Strike
0-1: Ball
1-1: Fly out, F3 (Line Drive, 3)
Top of the 6th over - 0 run(s), 1 hit(s), 0 error(s), 1 left on base; Northern Virginia 0 - Panama City 0
BOTTOM OF THE 6TH
Panama City Piranhas batting - Pitching for Northern Virginia Retrievers : RHP Aurelio López
Batting: RHB Armando Alvarado 0-0: Ball
1-0: Foul Ball, location: 2F
1-1: Called Strike
1-2: Foul Ball, location: 2F
1-2: Fly out, F9 (Flyball, 9S)
Batting: RHB Tim Barnes 0-0: Swinging Strike
0-1: Ball
1-1: Ball
2-1: Foul Ball, location: 2F
2-2: Foul Ball, location: 2F
2-2: Ball
3-2: SINGLE (Line Drive, 6MD)
Batting: LHB Herman Hayes 0-0: Called Strike
0-1: Called Strike
0-2: DOUBLE (Flyball, 8LXD)
Tim Barnes to third
Batting: LHB Sergio Muñóz 0-0: Called Strike
0-1: Ball
1-1: Foul Ball, location: 2F
1-2: Strikes out looking
Batting: LHB Francisco Sánchez 0-0: Called Strike
0-1: Ball
1-1: Fly out, F7 (Flyball, 78M)
Bottom of the 6th over - 0 run(s), 2 hit(s), 0 error(s), 2 left on base; Northern Virginia 0 - Panama City 0
TOP OF THE 7TH
Northern Virginia Retrievers batting - Pitching for Panama City Piranhas : LHP Pedro Alejándrez
Batting: RHB Mike Lyon 0-0: Ball
1-0: Ball
2-0: Called Strike
2-1: Foul Ball, location: 2F
2-2: Foul Ball, location: 2F
2-2: Strikes out swinging
Batting: RHB Gil Moore 0-0: Called Strike
0-1: Swinging Strike
0-2: Strikes out swinging
Batting: RHB Bob Heller 0-0: Ball
1-0: DOUBLE (Groundball, 5L)
Batting: RHB Joaquín Parra 0-0: Ball
1-0: Ball
2-0: DOUBLE (Flyball, 78D)
Bob Heller scores
Batting: LHB Francisco Ornelas 0-0: Called Strike
0-1: Ball
1-1: Fly out, F9 (Flyball, 89S)
Top of the 7th over - 1 run(s), 2 hit(s), 0 error(s), 1 left on base; Northern Virginia 1 - Panama City 0
BOTTOM OF THE 7TH
Panama City Piranhas batting - Pitching for Northern Virginia Retrievers : RHP Aurelio López
Batting: RHB Baldomero Avino 0-0: Called Strike
0-1: Swinging Strike
0-2: Foul Ball, location: 2F
0-2: Ball
1-2: Foul Ball, location: 2F
1-2: Ground out 6-3 (Groundball, 6)
Batting: RHB Brad Perry 0-0: Foul Ball, location: 2F
0-1: Ball
1-1: Foul Ball, location: 2F
1-2: Ball
2-2: Strikes out swinging
Batting: LHB Robert Adams 0-0: Foul Ball, location: 2F
0-1: Ball
1-1: DOUBLE (Line Drive, 89XD)
Batting: LHB Steve Cunningham 0-0: Called Strike
0-1: Fly out, F8 (Flyball, 8LS)
Bottom of the 7th over - 0 run(s), 1 hit(s), 0 error(s), 1 left on base; Northern Virginia 1 - Panama City 0
TOP OF THE 8TH
Northern Virginia Retrievers batting - Pitching for Panama City Piranhas : LHP Pedro Alejándrez
Batting: RHB Brett Callison 0-0: Ball
1-0: SINGLE (Line Drive, 78S)
Pitching: RHP Tobías Pérez
Batting: RHB Shohei Kiyomizu 0-0: Called Strike
0-1: Ball
1-1: Swinging Strike
Brett Callison is caught stealing 2nd base
1-2: Strikes out swinging
Batting: RHB Ju-chan Pak 0-0: Called Strike
0-1: Ball
1-1: Ball
2-1: Ball
3-1: SINGLE (Groundball, 6D)
Batting: LHB Roberto Sánchez 0-0: Ball
1-0: Called Strike
1-1: Ball
2-1: Ball
3-1: 2-RUN HOME RUN (Flyball, 89XD), Distance : 415 ft
Pitching: RHP Francisco Barrios
Batting: RHB Mike Lyon 0-0: Called Strike
0-1: Ball
1-1: Ball
2-1: Foul Ball, location: 2F
2-2: Ball
3-2: Strikes out swinging
Top of the 8th over - 2 run(s), 3 hit(s), 0 error(s), 0 left on base; Northern Virginia 3 - Panama City 0
BOTTOM OF THE 8TH
Panama City Piranhas batting - Pitching for Northern Virginia Retrievers : RHP Aurelio López
Batting: RHB Armando Alvarado 0-0: Ball
1-0: Ball
2-0: Called Strike
2-1: Foul Ball, location: 2F
2-2: Foul Ball, location: 2F
2-2: Foul Ball, location: 2F
2-2: Ball
3-2: Strikes out swinging
Pitching: LHP Ilie Paunescu
Batting: RHB Tim Barnes 0-0: Fly out, F8 (Flyball, 8RM)
Batting: LHB Herman Hayes 0-0: Called Strike
0-1: Foul Ball, location: 2F
0-2: Fly out, F4 (Popup, 4MD)
Bottom of the 8th over - 0 run(s), 0 hit(s), 0 error(s), 0 left on base; Northern Virginia 3 - Panama City 0
TOP OF THE 9TH
Northern Virginia Retrievers batting - Pitching for Panama City Piranhas : RHP Francisco Barrios
Pitching: RHP Juan Pérez
Batting: RHB Gil Moore 0-0: Called Strike
0-1: SINGLE (Groundball, P) (infield hit)
Batting: RHB Bob Heller 0-0: Bunted foul
0-1: Ball
1-1: Bunted foul
1-2: Foul Ball, location: 2F
1-2: Ball
2-2: Foul Ball, location: 2F
2-2: Strikes out swinging
Batting: RHB Joaquín Parra 0-0: Ball
1-0: Swinging Strike
1-1: Ball
2-1: Foul Ball, location: 2F
2-2: Hit by Pitch
Gil Moore to second
Batting: LHB Francisco Ornelas 0-0: Ball
1-0: Ball
2-0: DOUBLE (Line Drive, 8LXD)
Gil Moore scores
Joaquín Parra to third
Batting: RHB Brett Callison 0-0: Ball
1-0: Swinging Strike
1-1: Ball
2-1: Called Strike
2-2: Foul Ball, location: 2F
2-2: Ball
3-2: Foul Ball, location: 2F
3-2: Fly out, F9 (Flyball, 9S)
Batting: RHB Shohei Kiyomizu 0-0: Ball
1-0: Called Strike
1-1: Ball
2-1: Ball
3-1: SINGLE (Line Drive, 7S)
Joaquín Parra scores
Francisco Ornelas to third
Runner from 3rd tries for Home, SAFE, no throw
Pitching: RHP Roberto Cabrera
Batting: RHB Ju-chan Pak 0-0: Ball
Shohei Kiyomizu steals 2nd base
1-0: Called Strike
1-1: Foul Ball, location: 2F
1-2: Fly out, F9 (Flyball, 89M)
Top of the 9th over - 3 run(s), 3 hit(s), 0 error(s), 1 left on base; Northern Virginia 6 - Panama City 0
BOTTOM OF THE 9TH
Panama City Piranhas batting - Pitching for Northern Virginia Retrievers : LHP Ilie Paunescu
Batting: LHB Sergio Muñóz 0-0: Ball
1-0: Ball
2-0: Foul Ball, location: 2F
2-1: Foul Ball, location: 2F
2-2: Strikes out looking
Batting: LHB Francisco Sánchez 0-0: Called Strike
0-1: Ball
1-1: Ball
2-1: Ground out 4-3 (Groundball, 4)
Batting: RHB Baldomero Avino 0-0: Ball
1-0: Ground out 5-3 (Groundball, 56)
Bottom of the 9th over - 0 run(s), 0 hit(s), 0 error(s), 0 left on base; Northern Virginia 6 - Panama City 0
Friday, December 30th, 2016 - OOTP Baseball 17.12 Build 75